 Dungeon Sprint DCSS version 0.21.1-1-g345015f (webtiles) character file.

132 doot the Basher (level 7, -7/117 HPs)
             Began as a Troll Berserker on June 7, 2018.
             Was an Elder of Trog.
             Mangled by a merfolk
             ... wielding a +0 trident of protection
              (11 damage)
             ... in the Dungeon (Sprint VI: "Thunderdome").
             The game lasted 00:04:55 (390 turns).

doot the Basher (Troll Berserker)                    Turns: 390, Time: 00:04:56

Health: -7/117     AC:  5    Str: 35    XL:     7   Next: 24%
Magic:  0/6        EV: 14    Int:  7    God:    Trog [****..]
Gold:   130        SH:  0    Dex: 15    Spells: 6/6 levels left

rFire    + . .     SeeInvis .   a - +0 mace
rCold    . . .     Gourm    +   (no shield)
rNeg     + . .     Faith    .   b - +0 animal skin
rPois    .         Spirit   +   (helmet restricted)
rElec    .         Reflect  .   (no cloak)
rCorr    .         Harm     .   (gloves unavailable)
MR       +....     NoTele   +   (boots unavailable)
Stlth    ..........             s - amulet "Finlepig" {Spirit rF+ Dex+4}
HPRegen  0.69/turn              o - ring "Feung" {Str+2 Int+4 Dex+2}
MPRegen  0.10/turn              n - ring of Zabeuczu {rN+ MR+}

@: berserking, very quick
A: large, unfitting armour, claws 3, fast metabolism 3, gourmand, regeneration
1, shaggy fur 1, tough skin 2
a: Berserk, Trog's Hand, Brothers in Arms, Burn Spellbooks, Renounce Religion


You were in the Dungeon.
You worshipped Trog.
Trog was greatly pleased with you.
You were not hungry.

You visited 1 branch You collected 400 gold pieces.
You spent 270 gold pieces at shops.

Inventory:

Hand Weapons
 a - a +0 mace (weapon)
Armour
 b - a +0 animal skin (worn)
Jewellery
 n - the ring of Zabeuczu (right claw) {rN+ MR+}
   (You bought it in a shop in the Dungeon)

   [ring of protection from magic]

   It protects you from negative energy.
   It affects your resistance to hostile enchantments.
 o - the ring "Feung" (left claw) {Str+2 Int+4 Dex+2}
   (You bought it in a shop in the Dungeon)

   [ring of strength]

   It affects your strength (+2).
   It affects your intelligence (+4).
   It affects your dexterity (+2).
 p - the amulet of the Twenty Seas {Inacc Int+2}
   (You bought it in a shop in the Dungeon)

   [amulet of inaccuracy]

   It reduces the accuracy of all your attacks.
   It affects your intelligence (+2).
 q - the amulet "Zexiogga" {*Slow +Rage rC+ Dex+4}
   (You bought it in a shop in the Dungeon)

   [amulet of rage]

   It affects your dexterity (+4).
   It protects you from cold.
   It lets you go berserk.
   It may slow you when you take damage.
 r - the amulet of the Castellan {+Rage Int+3}
   (You bought it in a shop in the Dungeon)

   [amulet of rage]

   It affects your intelligence (+3).
   It lets you go berserk.
 s - the amulet "Finlepig" (around neck) {Spirit rF+ Dex+4}
   (You bought it in a shop in the Dungeon)

   [amulet of guardian spirit]

   It causes incoming damage to be split between your health and magic.
   It affects your dexterity (+4).
   It protects you from fire.
Wands
 j - a wand of acid (5)
 k - a wand of iceblast (5)
Scrolls
 i - 4 scrolls of blinking
 l - 3 scrolls of fog
Potions
 d - a potion of curing
 e - 4 potions of heal wounds
 f - 4 potions of haste
 g - 2 potions of magic
 h - a potion of berserk rage
 m - a potion of resistance
Comestibles
 c - 2 rations


   Skills:
 + Level 7.1 Fighting
 * Level 10.6 Maces & Flails
 + Level 6.8 Dodging
 + Level 0.3 Stealth


You had 6 spell levels left.
You didn't know any spells.

Dungeon Overview and Level Annotations

Branches:
Dungeon (1/1)

Altars:
Cheibriados
Dithmenos
Fedhas
Gozag
Kikubaaqudgha
Makhleb
Okawaru
Qazlal
Ru
Sif Muna
Trog
Uskayaw
Vehumet
Wu Jian
Xom
Yredelemnul
Zin
The Shining One
Beogh
Jiyva
Lugonu

Shops:
D *[%??*?*:[((!!!!


Innate Abilities, Weirdness & Mutations

You are too large for most types of armour.
You have claws for hands.
Your metabolism is lightning-fast.
You like to eat raw meat.
Your natural rate of healing is unusually fast.
You are covered in fur. (AC +1)
You have very tough skin. (AC +2)


Message History

You feel yourself moving faster!
You feel mighty!
The merfolk hits you with a trident of protection!
You bludgeon the merfolk!!
The merfolk is moderately wounded.
The merfolk hits you with a trident of protection!
* * * LOW HITPOINT WARNING * * *
A snapping turtle comes into view.
The snapping turtle hisses angrily.
You thump the merfolk!
The merfolk is severely wounded.
You barely miss the merfolk.
The merfolk is severely wounded.
The merfolk hits you with a trident of protection!!
* * * LOW HITPOINT WARNING * * *
You sock the merfolk!
The merfolk is severely wounded.
You barely miss the merfolk.
The merfolk is severely wounded.
The merfolk hits you with a trident of protection!
You die...

#∩.......∩# #_......._#
#......t._# #_......._#
###.........### #⌠...........⌠#
######.8........†8.######
##∩_._......###.m....___∩##
##∩...[....8.# #@8........∩###
.............###.............##
..........###...###..........⌠#
..........# #.<.# #..........⌠#
..........###)..###..........⌠#
............[###.............##
##∩........8.# #.8........∩###
##∩__.......###......___∩##
######.8.........8.######


You could see a snapping turtle and a merfolk.

Vanquished Creatures
  Sigmund (D)
  2 scorpions (D)
  Jessica (D)
  An iguana (D)
  An adder (D)
  A worm (D)
  2 giant cockroaches (D)
  A kobold (D)
10 creatures vanquished.

Vanquished Creatures (collateral kills)
  A blink frog (D)
  5 bullfrogs (D)
6 creatures vanquished.

Grand Total: 16 creatures vanquished

Notes
Turn   | Place    | Note
-------+----------+-------------------------------------------
     0 | D        | doot the Troll Berserker began the quest for the Orb.
     0 | D        | Reached XP level 1. HP: 22/22 MP: 0/0
     1 | D        | Found a basalt altar of Yredelemnul.
     1 | D        | Found a hide-covered altar of Uskayaw.
     3 | D        | Found an ornate altar of the Wu Jian Council.
     3 | D        | Found a radiant altar of Vehumet.
     4 | D        | Found Dod Tujiena's Delicious Food.
     4 | D        | Found a burning altar of Makhleb.
     4 | D        | Found Qougu's Identification Station.
     5 | D        | Found Qesaom's Jewellery.
     5 | D        | Found Mopoosui's Advanced Armour.
     5 | D        | Round 1.
     6 | D        | Noticed Jessica
     8 | D        | Noticed an iguana
    13 | D        | Bought a smoking pewter ring for 45 gold pieces
    13 | D        | Bought a vibrating granite ring for 45 gold pieces
    13 | D        | Bought an ancient silver amulet for 45 gold pieces
    13 | D        | Identified the ring "Feung" {Str+2 Int+4 Dex+2} (You bought it in a shop in the Dungeon)
    14 | D        | Identified the ring of Zabeuczu {rN+ MR+} (You bought it in a shop in the Dungeon)
    16 | D        | Killed an iguana
    16 | D        | Reached skill level 4 in Maces & Flails
    16 | D        | Reached XP level 2. HP: 32/32 MP: 1/1
    20 | D        | Killed Jessica
    20 | D        | Reached ** piety under Trog
    20 | D        | Reached XP level 3. HP: 39/39 MP: 2/2
    21 | D        | Identified the amulet of the Twenty Seas {Inacc Int+2} (You bought it in a shop in the Dungeon)
    25 | D        | Bought a steaming sapphire amulet for 45 gold pieces
    26 | D        | Identified the amulet "Zexiogga" {*Slow +Rage rC+ Dex+4} (You bought it in a shop in the Dungeon)
    33 | D        | Found a viscous altar of Jiyva.
    36 | D        | Found an iron altar of Okawaru.
    38 | D        | Found a snail-covered altar of Cheibriados.
    38 | D        | Found Kevy's Premium Goods.
    38 | D        | Found Higoberu's Miscellaneous Merchandise.
    39 | D        | Found Yciecsoq's Basic Armour.
    40 | D        | Found a glowing golden altar of the Shining One.
    40 | D        | Found an opulent altar of Gozag.
    40 | D        | Found an ancient bone altar of Kikubaaqudgha.
    40 | D        | Found Quuklup's Weapon Rack.
    44 | D        | Found a roughly hewn altar of Beogh.
    45 | D        | Noticed Sigmund
    45 | D        | Found a glowing silver altar of Zin.
    46 | D        | Found a sacrificial altar of Ru.
    94 | D        | Killed Sigmund
    94 | D        | Arena points: 12 (+12) [x2]
    94 | D        | Reached skill level 7 in Maces & Flails
    94 | D        | Reached skill level 5 in Dodging
    94 | D        | Reached XP level 4. HP: 27/52 MP: 3/3
    94 | D        | Reached XP level 5. HP: 30/59 MP: 4/4
   136 | D        | Round 2.
   161 | D        | Reached *** piety under Trog
   161 | D        | Reached skill level 8 in Maces & Flails
   161 | D        | Reached XP level 6. HP: 63/67 MP: 5/5
   198 | D        | Found a shadowy altar of Dithmenos.
   198 | D        | Found Lopoes's Magic Scroll Shop.
   198 | D        | Found Vil Ecef's Magic Scroll Shop.
   199 | D        | Found Horupt's Must-Have Magic.
   200 | D        | Found a bloodstained altar of Trog.
   200 | D        | Found a deep blue altar of Sif Muna.
   200 | D        | Found a corrupted altar of Lugonu.
   200 | D        | Found Gaesok's Staff Store.
   204 | D        | Found a blossoming altar of Fedhas.
   205 | D        | Found a stormy altar of Qazlal.
   206 | D        | Found a shimmering altar of Xom.
   207 | D        | Found Taruy's Distillery.
   208 | D        | Found Anaycs's Distillery.
   208 | D        | Found Naimy's Bottled Wisdom.
   209 | D        | Found Woingem's Do-It-Yourself Clinic.
   252 | D        | Reached **** piety under Trog
   252 | D        | Arena points: 48 (+36) [x3]
   279 | D        | Bought a smoking crystal amulet for 45 gold pieces
   280 | D        | Identified the amulet of the Castellan {+Rage Int+3} (You bought it in a shop in the Dungeon)
   281 | D        | Bought a scintillating copper amulet for 45 gold pieces
   282 | D        | Identified the amulet "Finlepig" {Spirit rF+ Dex+4} (You bought it in a shop in the Dungeon)
   303 | D        | Round 3.
   318 | D        | Noticed a blink frog
   346 | D        | Reached skill level 9 in Maces & Flails
   353 | D        | Killed a blink frog
   353 | D        | Reached skill level 10 in Maces & Flails
   353 | D        | Reached XP level 7. HP: 14/78 MP: 1/6
   360 | D        | Arena points: 132 (+84) [x4]
   377 | D        | Round 4.
   378 | D        | Noticed a merfolk
   387 | D        | Noticed a snapping turtle
   388 | D        | HP: 3/117 [merfolk/trident of protection (19)]
   390 | D        | Mangled by a merfolk

Skill      XL: |  1  2  3  4  5  6 |
---------------+-------------------+-----
Fighting       | 3 4 6 7 |  7.1
Maces & Flails | 4 7 8 10 | 10.6
Dodging        | 3 4 5 6 |  6.8
Stealth        | |  0.3

Action                   |  1- 3 |  4- 6 |  7- 9 || total
-------------------------+-------+-------+-------++-------
Melee: Mace              |    22 |    38 |     5 ||    65
Invok: Berserk           |     1 |     2 |     1 ||     4
       Brothers in Arms  |       |     1 |       ||     1
  Eat: Chunk             |       |     4 |     5 ||     9
Armor: Animal skin       |     7 |     6 |       ||    13
Dodge: Dodged            |    10 |    31 |     3 ||    44
